 Dungeon Crawl Stone Soup version 0.25-a0-667-gb977e01cb5 (webtiles) character file.

Game seed: 14275425276440535980, levelgen mode: deterministic

34 sanka the Scratcher (level 3, -3/15 HPs)
             Began as a Felid Wanderer on Mar 27, 2020.
             Slain by a hobgoblin
             ... wielding a +0 club
              (6 damage)
             ... on level 2 of the Dungeon.
             The game lasted 00:01:48 (818 turns).

sanka the Scratcher (Felid Wanderer)                 Turns: 818, Time: 00:01:49

Health: -3/15      AC:  1    Str:  8    XL:     3   Next: 14%
Magic:  1/4        EV: 15    Int: 12    God:
Gold:   61         SH:  0    Dex: 17    Spells: 1/2 levels left
                                        Lives:  0   Deaths: 0

rFire    . . .     SeeInvis +     - Unarmed
rCold    . . .     Gourm    .   (shield unavailable)
rNeg     . . .     Faith    .   (armour unavailable)
rPois    .         Spirit   .   (helmet unavailable)
rElec    .         Reflect  .   (cloak unavailable)
rCorr    .         Harm     .   (gloves unavailable)
MR       .....                  (boots unavailable)
Stlth    +++.......             (no amulet)
HPRegen  0.05/turn              (no ring)
MPRegen  0.09/turn              (no ring)

@: quick
A: very small, no armour, no weapons or thrown items, stealth, claws 1, fangs 3,
see invisible, carnivore, speed 1, shaggy fur 1, slow metabolism 1, sharp paws
a: no special abilities


You were on level 2 of the Dungeon.
You were full.

You visited 1 branch of the dungeon, and saw 2 of its levels.

You collected 61 gold pieces.


Innate Abilities, Weirdness & Mutations

You cannot wear armour.
You are incapable of wielding weapons or throwing items.
Your paws allow you to move quietly. (Stealth)
You have sharp claws.
You have razor-sharp teeth.
You have supernaturally acute eyesight. (SInv)
You are carnivorous and can eat meat at any time.
You cover ground quickly.
You are covered in fur. (AC +1)
You have a slow metabolism.
Your sharp claws are effective at attacking unaware monsters.


   Skills:
 - Level 1.0 Fighting
 - Level 2.6 Stealth
 + Level 5.1 Unarmed Combat
   Level 3.0 Hexes
   Level 1.0 Earth Magic


You had one spell level left.
You knew the following spells:

 Your Spells              Type           Power        Failure   Level  Hunger
z - Foxfire               Conj/Fire      #...         32%         1    ##.....

Your spell library contained the following spells:

 Spells                   Type           Power        Failure   Level  Hunger
 Conjure Flame            Conj/Fire      #.......     69%         3    ####...

Inventory:

Scrolls
 a - a scroll of blinking
 c - a scroll of identify {unknown}
 d - a scroll of teleportation {@r4}
 e - 2 scrolls of fog {unknown}
 g - a scroll of random uselessness {unknown}
 m - a scroll of remove curse {unknown}
Potions
 b - 2 potions of heal wounds {@q2}
 h - 2 potions of cancellation {unknown}
 i - a potion of curing {unknown}
 j - 3 potions of flight {unknown}
 k - a potion of stabbing {unknown}
 l - a potion of brilliance {unknown}
Comestibles
 f - a ration

Dungeon Overview and Level Annotations

Branches:
Dungeon (2/15)

Altars:
Sif Muna

▒..▒.▒▒.....▒▒... ▒......▒▒▒
▒..▒.▒.......▒.▒▒▒.▒ ▒.........
........._.........▒ ▒......▒▒▒
▒▒.▒.▒.......▒.▒▒▒▒▒ ▒...g..▒
▒.▒.▒▒.....▒▒.▒ ▒.....^▒ ▒.▒
▒▒▒...▒▒▒.▒▒▒▒▒▒▒▒▒......▒▒▒ ▒.▒
▒.▒▒.▒▒...v.................
▒.▒.▒.......▒.▒▒▒▒▒▒▒▒▒▒▒▒▒▒▒▒▒▒
▒)▒.........▒.gh.......
▒.▒▒▒▒▒.▒..▒▒▒▒▒▒▒▒▒▒▒▒ ▒.▒
▒........... ▒.▒▒▒▒%.▒..▒▒▒▒▒▒
▒.......▒..... ▒▒▒▒▒▒.▒▒.▒▒▒▒▒
...▒.▒ ▒▒▒▒▒.▒ ..▒


You could see a hobgoblin.


Message History

The foxfire hits the adder.
The adder is almost dead.
The adder misses you.
You closely miss the adder.
The adder is almost dead.
The adder closely misses you.
Unknown command.
Unknown command.
You scratch the adder.
You kill the adder!
Your Unarmed Combat skill increases to level 5!
You have reached level 3!
Your experience leads to an increase in your attributes!
Increase (S)trength, (I)ntelligence, or (D)exterity?
You feel agile.
Unknown command.
You claw the rat!
You kill the rat!
The hobgoblin barely misses you.
Your magical contamination has completely faded away.
You conjure some foxfire!
Unknown command.
The foxfire hits the hobgoblin but does no damage.
You closely miss the hobgoblin. The hobgoblin hits you with a +0 club.
* * * LOW HITPOINT WARNING * * *
You scratch the hobgoblin.
The hobgoblin is heavily wounded.
The hobgoblin hits you with a +0 club.
You die...

Action                   || total
-------------------------++-------
Melee: Unarmed           ||    33
       Bite              ||     3
       Punch             ||     1
 Cast: Foxfire           ||    12
  Eat: Chunk             ||     5
Armor: Skin              ||     1
Dodge: Dodged            ||    25

Levels and vault maps discovered:
D:1:      lightli_arrival_quake, layout_loops_ring, st_stairs_6
D:2:      layout_basic, nicolae_overflow_crystal_walls, lemuel_round_altar,
          st_stairs_3, minmay_goblin_outpost

Notes
Turn   | Place    | Note
-------+----------+-------------------------------------------
     0 | D:1      | sanka the Felid Wanderer began the quest for the Orb.
     0 | D:1      | sanka set off with the following items: a scroll of
                  | blinking, a potion of heal wounds {@q2}, a scroll of
                  | teleportation {@r4}, a ration; and the following spell
                  | memorised: Foxfire; and the following spells available to
                  | memorise: Conjure Flame
     0 | D:1      | Reached XP level 1. HP: 9/9 MP: 2/2
   275 | D:1      | Reached XP level 2. HP: 12/12 MP: 1/3
   756 | D:2      | Found a shimmering blue altar of Sif Muna.
   806 | D:2      | Reached skill level 5 in Unarmed Combat
   806 | D:2      | Reached XP level 3. HP: 6/15 MP: 1/4
   818 | D:2      | Slain by a hobgoblin

Vanquished Creatures
  2 adders (D:2)
  A dart slug (D:1)
  A leopard gecko (D:1)
  2 bats (D:1)
  A goblin (D:1)
  A hobgoblin (D:2)
  4 frilled lizards
  4 rats
16 creatures vanquished.

Vanquished Creatures (others)
  13 foxfires
13 creatures vanquished.

Grand Total: 29 creatures vanquished
